Map: Deathaura LE

Players

DPGPartinG (PartinG) - Winner!

  • Race: Protoss Protoss
  • League: Grandmaster
  • Spawn Location: 11:00

TYTY (TY)

  • Race: Terran Terran
  • League: Grandmaster
  • Spawn Location: 5:00

Event: DreamHack SC2 Masters 2020 Summer Season Finals

VOD

Have the link to the VOD?

Description

Time

  • Played on: July 16, 2020, 12:13 p.m.
  • Length: 5:59

All games in this series

Show
View Real Time Build Order
Export as new Build Order

DPGPartinG Protoss - Winner!

Build Orders: 1 Gate Expand 

Get SALT Encoding   

  12  0:00  Probe  
  13  0:12  Probe  
  14  0:17  Pylon  
  14  0:24  Probe  
  15  0:33  Probe  
  15  0:35  Gateway  
  15  0:42  Probe  
  16  0:47  Assimilator  
  17  0:52  Probe  
  18  1:04  Probe  
  19  1:16  Probe  
  20  1:22  Cybernetics Core  
  20  1:33  Nexus  
  20  1:36  Zealot  
  22  1:46  Pylon  
  22  1:53  Probe  
  23  1:55  Assimilator  
  23  1:56  Stalker  
  23  2:06  Warp Gate  
  24  2:14  Shield Battery, Probe  
  25  2:16  Stalker  
  25  2:26  Probe  
  28  2:36  Stalker  
  28  2:38  Probe  
  29  2:45  Probe  
  32  2:52  Probe  
  32  2:57  Probe  
  34  3:04  Shield Battery  
  34  3:06  Robotics Facility  
  34  3:19  Probe x2  
  36  3:24  Stalker  
  38  3:27  Gateway  
  38  3:36  Probe x2  
  38  3:53  Probe x2  
  40  4:01  Observer  
  33  4:03  Stalker  
  33  4:06  Probe  
  33  4:08  Probe  
  31  4:14  Probe  
  31  4:22  Probe  
  31  4:23  Observer  
  33  4:25  Probe  
  33  4:27  Stalker x2  
  39  4:34  Probe  
  39  4:37  Probe  
  39  4:42  Gateway  
  39  4:46  Probe  
  39  4:47  Observer  
  39  4:49  Probe  
  42  4:53  Stalker  
  42  4:56  Stalker  
  46  5:01  Warp Prism, Pylon  
  46  5:03  Pylon  
  46  5:20  Stalker  
  48  5:26  Stalker  
  46  5:34  Pylon  
  44  5:37  Stalker  
  42  5:53  Stalker  
  42  5:54  Stalker  
Show
View Real Time Build Order
Export as new Build Order

TYTY Terran 

Build Orders: 1/1/1 

Get SALT Encoding   

  12  0:01  SCV  
  13  0:13  SCV  
  14  0:18  Supply Depot  
  14  0:25  SCV  
  15  0:40  SCV, Barracks  
  16  0:45  Refinery  
  16  0:52  SCV  
  16  0:54  Refinery  
  17  1:04  SCV  
  18  1:16  SCV  
  19  1:27  Reaper  
  19  1:28  Orbital Command  
  19  1:32  Supply Depot  
  20  1:43  Factory  
  20  1:54  SCV  
  21  2:06  SCV  
  22  2:12  Barracks Reactor  
  22  2:17  Supply Depot  
  22  2:18  SCV  
  23  2:27  Starport, Widow Mine  
  25  2:30  SCV  
  26  2:42  Armory, SCV  
  27  2:48  Marine x2, Widow Mine  
  31  2:54  Supply Depot  
  32  3:04  Medivac  
  34  3:07  Marine  
  34  3:09  Marine  
  34  3:25  SCV  
  37  3:29  Marine  
  37  3:31  Marine  
  37  3:37  SCV  
  37  3:39  Factory Tech Lab  
  38  3:47  Marine  
  37  3:49  Marine  
  33  4:06  Thor  
  36  4:13  Marine  
  36  4:20  Supply Depot  
  36  4:26  SCV  
  37  4:36  Marine x2  
  37  4:50  Siege Tank  
  39  4:54  Marine x2  
  39  4:59  SCV  
  42  5:01  Supply Depot  
  42  5:12  Marine x2  
  45  5:30  Marine  
  44  5:36  Marine  
  44  5:41  SCV  
Tags
 
Add a new tag
Caveats
  • Supply blocks, unpowered buildings, or Contaminate may cause inaccurate times.
  • Supply counts are checked every 10 seconds.